AoeStats
← Rodrigo Lao Tse

Glade

510570360Analyzed
1v1 RM · 18h ago on Oct 1, 2026· 44m 15s· 2 players
Game mode
Random Map
Map size
Tiny (2 player)
Population
200
Speed
Normal
Resources
Standard
Victory
Conquest
Starting age
Dark Age
Ending age
Imperial Age
RankedLock teamsTeams togetherTeam positionsShared explorationLock speedFull tech treeHidden civsTurbo modeCheats
Victory
Defeat
🇨🇱 Maya · Chile
819
+17
🇺🇸 Bengalis · United States
832
-17
Rodrigo Lao Tse
0:26 Loom
9:42 Feudal Age
10:34 Double-Bit Axe
11:09 Horse Collar
21:40 Castle Age
19:37 Gold Mining
20:38 Wheelbarrow
19:49 Town Watch
24:38 Scale Mail Armor
27:32 Chain Mail Armor
27:42 Forging
27:24 Pikeman
30:46 Bow Saw
33:38 Squires
33:02 Eagle Warrior
33:30 Arson
34:23 Iron Casting
34:09 Hand Cart
38:35 Imperial Age
35:58 Guard Tower
36:31 Ballistics
36:26 Masonry
37:34 Heavy Plow
39:46 Holcans
38:53 Capped Ram
39:30 Elite Eagle Warrior
40:48 Siege Ram
41:09 Halberdier
43:00 Architecture
43:32 Chemistry
kinchman
2:01 Loom
11:32 Feudal Age
14:53 Bloodlines
21:47 Castle Age
20:09 Fletching
22:51 Husbandry
23:16 Squires
23:01 Gambesons
22:37 Pikeman
22:52 Elite Skirmisher
27:26 Scale Barding Armor
29:51 Scale Mail Armor
30:23 Double-Bit Axe
34:42 Forging
39:27 Imperial Age
37:44 Padded Archer Armor
38:20 Iron Casting
39:16 Chain Barding Armor
41:33 Wheelbarrow
40:44 Town Watch
41:55 Plate Barding Armor
42:21 Blast Furnace
41:47 Conscription
43:45 Bodkin Arrow
44:05 Leather Archer Armor
Connection lost

Rejoining the realm…

Still unreachable

The connection could not be restored.

Session expired

The server has moved on; the page needs a fresh start.